AoeStats
← benitezamir

Arena

510355140Analyzed
2v2 RM · 18h ago on Sep 30, 2026· 27m 14s· 4 players
Game mode
Random Map
Map size
Medium (4 player)
Population
200
Speed
Normal
Resources
Standard
Victory
Conquest
Starting age
Dark Age
Ending age
Imperial Age
RankedLock teamsTeams togetherTeam positionsShared explorationLock speedFull tech treeHidden civsTurbo modeCheats
Victory
Defeat
🇹🇷 Hindustanis · Türkiye
970
+15
🇫🇷 Wei · France
899
+51
🇦🇷 Goths · Argentina
976
-18
🇪🇸 Romans · Spain
916
-15
benitezamir
10:03 Feudal Age
14:32 Castle Age
13:21 Double-Bit Axe
14:29 Loom
21:23 Scale Mail Armor
21:51 Man-at-Arms
23:00 Long Swordsman
Carloscba6669
1:18 Loom
10:51 Feudal Age
15:21 Castle Age
14:15 Double-Bit Axe
19:24 Forging
22:19 Man-at-Arms
Cyril
11:09 Feudal Age
12:04 Horse Collar
12:13 Double-Bit Axe
13:20 Wheelbarrow
19:37 Castle Age
17:33 Stone Mining
17:37 Gold Mining
20:45 Hand Cart
21:08 Stone Shaft Mining
21:11 Gold Shaft Mining
21:55 Bow Saw
22:30 Heavy Plow
26:47 Tuntian
vwusxa7
9:21 Loom
11:12 Feudal Age
11:35 Feudal Age
12:29 Horse Collar
12:37 Double-Bit Axe
15:54 Castle Age
16:45 Heavy Plow
16:57 Bow Saw
19:03 Scale Mail Armor
19:19 Gold Mining
20:03 Stone Mining
20:33 Town Watch
22:51 Forging
24:14 Chain Mail Armor
24:51 Fletching
25:44 Gold Shaft Mining
26:42 Iron Casting
27:10 Bodkin Arrow
Connection lost

Rejoining the realm…

Still unreachable

The connection could not be restored.

Session expired

The server has moved on; the page needs a fresh start.